 Dungeon Crawl Stone Soup version 0.30.1-9-gdf580d7c3d (webtiles) character file.

Game seed: 1568704639998450750

570 jagang the Trooper (level 7, -1/56 HPs)
             Began as a Human Monk on Oct 12, 2023.
             Was a Priest of Okawaru.
             Slain by a gnoll
             ... wielding a +0 halberd
             ... led by a gnoll bouda
              (2 damage)
             ... on level 5 of the Dungeon.
             The game lasted 00:09:26 (3476 turns).

jagang the Trooper (Human Monk)                     Turns: 3476, Time: 00:09:27

Health: -1/56      AC: 13    Str: 11    XL:     7   Next: 60%
Magic:  7/7        EV:  3    Int: 10    God:    Okawaru [***...]
Gold:   415        SH:  0    Dex: 18    Spells: 6/6 levels left

rFire   + . .        b - +0 long sword
rCold   . . .        d - orb {light}
rNeg    . . .        z - +0 plate armour
rPois   .            s - +0 helmet
rElec   .            (no cloak)
rCorr   .            p - +0 pair of gloves
SInv    .            (no boots)
Will    .....        (no amulet) Stlth
                     A - +4 ring of slaying
HPRegen 0.29/turn    f - ring of protection from fire
MPRegen 0.10/turn

%: no passive effects
@: glowing
A: no striking features
a: Renounce Religion, Heroism


You were on level 5 of the Dungeon.
You worshipped Okawaru.
Okawaru was most pleased with you.
You visited 1 branch of the dungeon, and saw 5 of its levels.

You collected 415 gold pieces.

Inventory:

Hand Weapons
 b - a +0 long sword (weapon)
Missiles
 i - 6 boomerangs (quivered)
 l - 4 silver javelins
 r - 4 poisoned darts
Armour
 d - an orb of light (worn)
 p - a +0 pair of gloves (worn)
 s - a +0 helmet (worn)
 z - a +0 plate armour (worn)
Jewellery
 f - a ring of protection from fire (right hand)
 n - a +6 ring of strength
 v - a +6 ring of intelligence
 A - a +4 ring of slaying (left hand)
Wands
 F - a wand of roots (8)
Scrolls
 a - a scroll of blinking {unknown}
 e - 3 scrolls of teleportation {unknown}
 g - a scroll of amnesia {unknown}
 h - 3 scrolls of enchant weapon {unknown}
 o - 2 scrolls of identify {unknown}
 q - a scroll of vulnerability {unknown}
 u - 2 scrolls of fear {unknown}
 y - a scroll of fog {unknown}
 D - a scroll of immolation {unknown}
Potions
 c - a potion of ambrosia
 j - a potion of brilliance {unknown}
 k - 3 potions of curing {unknown}
 m - 3 potions of haste {unknown}
 t - a potion of lignification {unknown}
 w - a potion of resistance {unknown}
 x - a potion of might {unknown}
 B - 3 potions of berserk rage {unknown}
 C - 2 potions of cancellation {unknown}
 E - 2 potions of attraction {unknown}


   Skills:
 * Level 5.0 Fighting
 * Level 5.0 Long Blades
 + Level 2.4 Throwing
 + Level 2.5 Armour
 + Level 4.1 Dodging


You had 6 spell levels left.
You didn't know any spells.
Your spell library contained the following spells:

 Spells                   Type           Power      Damage    Failure   Level
 Magic Dart               Conj           0%         1d3       100%        1
 Sandblast                Erth           0%         2d4       100%        1
 Passwall                 Tmut/Erth      0%         N/A       100%        2
 Mephitic Cloud           Conj/Pois/Air  0%         N/A       100%        3
 Stone Arrow              Conj/Erth      0%         3d7       100%        3
 Call Imp                 Summ           Unusable   N/A       N/A         2

Dungeon Overview and Level Annotations

Branches:
Dungeon (5/15)             Temple (0/1) D:5

Altars:
Gozag
Okawaru
Uskayaw
Zin
The Shining One

Shops:
D:2 =

Annotations:
D:5 3 runed translucent doors, turdburglar's ghost, novice HOMo


Message History

The gnoll hits you from afar with a +0 spear.
The gnoll bouda gazes fiercely through you!
You feel your attacks grow feeble.
The gnoll bouda hits you with a +0 whip!
The gnoll barely misses you.
There is an open door here.
You closely miss the adder. The adder bites you. The adder barely misses you.
The gnoll hits you from afar with a +0 spear.
The gnoll hits you but does no damage.
The gnoll bouda barks out a call to the hunt!
The gnolls pick up the pace!
The gnoll hits you with a +0 halberd!
You barely miss the adder. The adder bites you.
The gnoll hits you from afar with a +0 spear. x2
The gnoll bouda hits you with a +0 whip.
* * * LOW HITPOINT WARNING * * *
The gnoll barely misses you.
You fail to use your ability.
Your attacks no longer feel as feeble.
The adder bites you but does no damage. The gnoll hits you but does no damage.
The gnoll hits you from afar with a +0 spear.
* * * LOW HITPOINT WARNING * * *
The gnoll bouda barely misses you. The gnoll hits you with a +0 halberd!
* * * LOW HITPOINT WARNING * * *
The adder barely misses you.
You hit the gnoll bouda.
The gnoll bouda is moderately wounded.
The adder barely misses you. The gnoll hits you but does no damage.
The gnoll hits you from afar with a +0 spear.
* * * LOW HITPOINT WARNING * * *
The gnoll bouda hits you with a +0 whip.
* * * LOW HITPOINT WARNING * * *
The gnoll hits you but does no damage.
You barely miss the gnoll bouda.
The gnoll bouda is moderately wounded.
The adder bites you but does no damage.
The gnoll hits you but does no damage. x2
The gnoll bouda hits you with a +0 whip.
* * * LOW HITPOINT WARNING * * *
The gnoll hits you with a +0 halberd.
You die...

#+#.# #+#.
###...## ##
#......+
#......##
#)......#
+.......# #+##
#.......# .....
#.....g##g..... #
#......@ggg....
#.###...##Sg.....
#...#'#.# ..!....
#..#####......
###..#.#+#...#
##.##...#####
#..+......#
#.##......#
#.#.......#


You could see a gnoll bouda, 5 gnolls and an adder.

Vanquished Creatures
  Sigmund (D:5)
  The ghost of rogsnak the Digger, an amateur DrEE (D:4)
  A scorpion (D:5)
  A hound (D:5)
  An orc priest (D:5)
  Robin (D:3)
  4 adders
  3 dart slugs
  15 orcs
  7 ball pythons
  12 endoplasms
  A giant cockroach (D:2)
  15 hobgoblins
  7 kobolds
  3 quokkas
  A bat (D:1)
  5 frilled lizards
  14 goblins
  8 rats
101 creatures vanquished.

Notes
Turn   | Place    | Note
-------+----------+-------------------------------------------
     0 | D:1      | jagang the Human Monk began the quest for the Orb.
     0 | D:1      | Reached XP level 1. HP: 18/18 MP: 1/1
   134 | D:1      | Found a faded altar of an unknown god.
   239 | D:1      | Reached XP level 2. HP: 12/24 MP: 2/2
   600 | D:1      | Reached XP level 3. HP: 29/29 MP: 3/3
   993 | D:2      | Found Saets's Jewellery Shop.
  1088 | D:2      | Reached skill level 1 in Armour
  1143 | D:2      | Found an opulent altar of Gozag.
  1182 | D:2      | Reached XP level 4. HP: 35/35 MP: 4/4
  1477 | D:3      | Found an iron altar of Okawaru.
  1489 | D:3      | Became a worshipper of Warmaster Okawaru
  1489 | D:3      | Reached * piety under Okawaru
  1489 | D:3      | Reached ** piety under Okawaru
  1494 | D:3      | Reached skill level 1 in Throwing
  1544 | D:3      | Found a glowing golden altar of the Shining One.
  1763 | D:3      | Noticed Robin
  1777 | D:3      | Killed Robin
  1778 | D:3      | Reached XP level 5. HP: 13/42 MP: 5/5
  1895 | D:3      | Found a hide-covered altar of Uskayaw.
  2282 | D:4      | Found a glowing silver altar of Zin.
  2461 | D:4      | Noticed rogsnak's ghost (amateur DrEE)
  2464 | D:4      | Found a runed translucent door.
  2897 | D:4      | Killed rogsnak's ghost
  2898 | D:4      | Reached XP level 6. HP: 43/49 MP: 3/6
  2945 | D:5      | Entered Level 5 of the Dungeon
  3006 | D:5      | Noticed Sigmund
  3014 | D:5      | Killed Sigmund
  3014 | D:5      | Reached *** piety under Okawaru
  3015 | D:5      | Reached XP level 7. HP: 38/55 MP: 7/7
  3117 | D:5      | Reached skill level 5 in Fighting
  3117 | D:5      | Reached skill level 5 in Long Blades
  3371 | D:5      | Found a runed translucent gate.
  3371 | D:5      | Found an opulent altar of Gozag.
  3372 | D:5      | Found a runed translucent gate.
  3372 | D:5      | Found a runed translucent gate.
  3372 | D:5      | Noticed a water moccasin
  3372 | D:5      | Noticed turdburglar's ghost (novice HOMo)
  3398 | D:5      | Found a staircase to the Ecumenical Temple.
  3476 | D:5      | HP: 1/56 [gnoll bouda/+0 whip (3)]
  3476 | D:5      | Slain by a gnoll

Illustrated notes

Levels and vault maps discovered:
D:1:      dpeg_arrival_simpleton_c, layout_loops_corners,
          hellmonk_ecumenical_altar_pennies_from_heaven
D:2:      layout_rooms, serial_shops, shop, basic_altar
D:3:      layout_basic, mainiacjoe_overflow_chevrons,
          nicolae_uskayaw_dance_hall, lemuel_tele_altar, uniq_robin
D:4:      layout_loops_cross, lemuel_round_altar,
          hellmonk_ghost_happy_afterlife, eino_small_chamber_without_monster
D:5:      nicolae_cairo_tiling_very_big, layout_loops_ring, ebering_ghost_gozag,
          uniq_crazy_yiuf_cottage, uniq_sigmund

Skill      XL: |  1  2  3  4  5  6  7 |
---------------+----------------------+-----
Armour         | 1 2 |  2.5
Throwing       | 1 2 |  2.4
Long Blades    | 4 5 |  5.0
Fighting       | 4 5 |  5.0
Dodging        | 4 |  4.1

Action                     |  1- 3 |  4- 6 |  7- 9 || total
---------------------------+-------+-------+-------++-------
  Melee: Falchion          |    60 |       |       ||    60
         Long sword        |     7 |    96 |    23 ||   126
  Throw: Boomerang         |    20 |    17 |       ||    37
 Invoke: Heroism           |       |     1 |       ||     1
 Armour: Leather armour    |     4 |       |       ||     4
         Ring mail         |     6 |       |       ||     6
         Chain mail        |     4 |    22 |       ||    26
         Plate armour      |       |    30 |    24 ||    54
  Dodge: Dodged            |    36 |    27 |     9 ||    72
